 Dungeon Crawl Stone Soup version 0.30-a0-578-gdee14c521f (webtiles) character file.

Game seed: 3889455674312552583

348 Anon1729 the Ducker (level 6, 0/50 HPs)
             Began as a Merfolk Monk on Dec 31, 2022.
             Was a Priest of Lugonu.
             Slain by an orc wizard
             ... wielding a +0 whip
              (1 damage)
             ... in the Ecumenical Temple.
             The game lasted 00:03:25 (3042 turns).

Anon1729 the Ducker (Merfolk Monk)                  Turns: 3042, Time: 00:03:26

Health: 0/50       AC:  4    Str: 11    XL:     6   Next: 60%
Magic:  6/6        EV: 15    Int: 10    God:    Lugonu [***...]
Gold:   216        SH:  0    Dex: 18    Spells: 5/5 levels left

rFire   . . .      SeeInvis .    a - +0 falchion
rCold   . . .      Faith    .    (no shield)
rNeg    . . .      Spirit   .    b - +0 robe
rPois   .          Reflect  .    w - +1 hat
rElec   .          Harm     .    (no cloak)
rCorr   .          Rampage  .    c - +0 pair of gloves
Will    .....                    (no boots)
Stlth   +++                      (no amulet)
HPRegen 0.28/turn                (no ring)
MPRegen 0.10/turn                (no ring)

@: mighty
A: (nimble swimmer 2), mertail
a: Renounce Religion, Depart the Abyss, Banish


You were in the Ecumenical Temple.
You worshipped Lugonu.
Lugonu was most pleased with you.
You visited 2 branches of the dungeon, and saw 5 of its levels.

You collected 216 gold pieces.

Inventory:

Hand Weapons
 a - a +0 falchion (weapon)
Armour
 b - a +0 robe (worn)
 c - a +0 pair of gloves (worn)
 h - a +0 cloak
 w - a +1 hat (worn)
Jewellery
 l - a ring of flight
Wands
 r - a wand of paralysis (9)
Scrolls
 i - 3 scrolls of identify {unknown}
 j - 4 scrolls of acquirement {unknown}
 m - 2 scrolls of enchant armour {unknown}
 n - a scroll of immolation {unknown}
 p - 2 scrolls of vulnerability {unknown}
 q - a scroll of teleportation {unknown}
 s - a scroll of magic mapping {unknown}
Potions
 d - a potion of berserk rage {unknown}
 e - a potion of flight {unknown}
 f - 2 potions of curing {unknown}
 g - 2 potions of might
 k - a potion of heal wounds {unknown}
 o - a potion of resistance {unknown}
 t - 2 potions of attraction {unknown}
 u - a potion of magic {unknown}
 v - a potion of degeneration {unknown}


   Skills:
 + Level 4.8 Fighting
 + Level 5.2 Long Blades
 + Level 5.9 Dodging
 + Level 4.4 Stealth


You had 5 spell levels left.
You didn't know any spells.
Your spell library was empty.

Dungeon Overview and Level Annotations

Branches:
Dungeon (4/15)             Temple (1/1) D:4

Altars:
Dithmenos
Makhleb
Sif Muna
Uskayaw
Wu Jian
Yredelemnul
The Shining One
Lugonu

Shops:
D:1 (   D:2 [

Annotations:
D:3 3 runed translucent doors, MackTheKnife's ghost, amateur GnWn


Innate Abilities, Weirdness & Mutations

((You are very nimble when in or above water. (Stealth+, EV+, Speed+++)))
Your lower body shifts to a powerful aquatic tail in water.


Message History

You are too injured to fight recklessly!
You are too injured to fight recklessly!
You are too injured to fight recklessly!
You are too injured to fight recklessly!
You are too injured to fight recklessly!
You are too injured to fight recklessly!
You are too injured to fight recklessly!
You are too injured to fight recklessly!
You are too injured to fight recklessly!
You hit the orc priest.
The orc priest is severely wounded.
The orc wizard casts a spell at you. The puff of flame misses you.
The orc priest barely misses you.
You barely miss the orc priest.
The orc priest is severely wounded.
The orc wizard casts a spell.
The orc wizard flickers and vanishes!
Deactivating autopickup; reactivate with Ctrl-A.
The orc priest closely misses you.
You closely miss the orc priest.
The orc priest is severely wounded.
You hear some strange, mumbled words.
Something tries to affect you, but you resist.
The orc priest miscasts a cantrip.
You hear some strange, mumbled words.
A magic dart appears from out of thin air!
The magic dart hits you! The orc priest barely misses you.
You barely miss the orc priest.
The orc priest is severely wounded.
You hear some strange, mumbled words.
A puff of flame appears from out of thin air!
The puff of flame hits you!
* * * LOW HITPOINT WARNING * * *
The orc priest invokes the aid of Beogh against you.
Beogh smites you!
* * * LOW HITPOINT WARNING * * *
It was a potion of might.
You feel very mighty all of a sudden. Something hits you.
You die...

._##
....#
...._#
#.....#
##...._
§##....
..#....##
..#....{#
..#...o@#
§.#.....#
§.#....##
.##....
##...._
#.....#
...._#
....#


You could see an orc priest.

Vanquished Creatures
  Sigmund (D:3)
  A hound (Temple)
  Ijyb (D:3)
  6 adders
  A worm (D:2)
  2 dart slugs
  2 orcs
  4 bats
  2 endoplasms
  3 giant cockroaches
  5 goblins
  6 hobgoblins
  8 jackals
  5 quokkas
  7 ball pythons
  5 frilled lizards
  4 kobolds
  5 rats
68 creatures vanquished.

Notes
Turn   | Place    | Note
-------+----------+-------------------------------------------
     0 | D:1      | Anon1729 the Merfolk Monk began the quest for the Orb.
     0 | D:1      | Reached XP level 1. HP: 18/18 MP: 1/1
   108 | D:1      | Reached XP level 2. HP: 19/24 MP: 2/2
   443 | D:1      | Found a faded altar of an unknown god.
   468 | D:1      | Prayed at the altar of an unknown god.
   468 | D:1      | Became a worshipper of Lugonu the Unformed
   468 | D:1      | Reached * piety under Lugonu
   468 | D:1      | Reached ** piety under Lugonu
   501 | D:1      | Reached XP level 3. HP: 26/29 MP: 3/3
   810 | D:1      | Reached *** piety under Lugonu
   814 | D:1      | Found Jadi's Weapon Boutique.
  1166 | D:2      | Found a hide-covered altar of Uskayaw.
  1232 | D:2      | Found Ygokuagh's Antique Armour Emporium.
  1316 | D:2      | Reached XP level 4. HP: 18/37 MP: 4/4
  2055 | D:3      | Reached skill level 5 in Dodging
  2209 | D:3      | Found a glowing golden altar of the Shining One.
  2209 | D:3      | Noticed Sigmund
  2222 | D:3      | Killed Sigmund
  2223 | D:3      | Reached skill level 5 in Long Blades
  2223 | D:3      | Reached XP level 5. HP: 17/43 MP: 5/5
  2223 | D:3      | Reached XP level 6. HP: 20/49 MP: 6/6
  2446 | D:3      | Noticed Ijyb
  2448 | D:3      | Paralysed by Ijyb for 2 turns
  2457 | D:3      | Killed Ijyb
  2578 | D:3      | Found a burning altar of Makhleb.
  2645 | D:3      | Found a runed translucent gate.
  2646 | D:3      | Found a runed translucent gate.
  2646 | D:3      | Identified the +5 dagger "Zatut" {venom, Str+4}
  2647 | D:3      | Found a runed translucent gate.
  2647 | D:3      | Noticed MackTheKnife's ghost (amateur GnWn)
  2992 | D:4      | Found a staircase to the Ecumenical Temple.
  3012 | Temple   | Entered the Ecumenical Temple
  3041 | Temple   | HP: 1/50 [orc priest/divine providence (9)]
  3042 | Temple   | Slain by an orc wizard

Illustrated notes

Levels and vault maps discovered:
D:1:      minmay_arrival_split_and_join, layout_basic, serial_shops,
          nicolae_shop_bloodbath_and_beyond,
          shapermc_ecumenical_altar_starsandcircs
D:2:      layout_basic, serial_shops, shop_statue, basic_altar
D:3:      layout_loops_ring, mainiacjoe_overflow_alcove_1,
          general_overflow_altar, biasface_ghost_orc_armoury, uniq_ijyb,
          uniq_sigmund
D:4:      layout_loops_ring, minmay_temple_entry_ruins, portal_sewer_entry_e
Temple:   hellmonk_temple_of_storms

Skill      XL: |  1  2  3  4 |
---------------+-------------+-----
Long Blades    | 4 5 |  5.2
Stealth        | 3 4 |  4.4
Fighting       | 4 |  4.8
Dodging        | 5 |  5.9

Action                   |  1- 3 |  4- 6 || total
-------------------------+-------+-------++-------
Melee: Falchion          |   126 |   111 ||   237
       Punch             |       |     1 ||     1
Evoke: Wand              |       |     4 ||     4
  Use: Potion            |     1 |     1 ||     2
 Stab: Sleeping          |     5 |     8 ||    13
       Distracted        |     1 |       ||     1
       Paralysed         |       |     5 ||     5
Armor: Robe              |    23 |    18 ||    41
Dodge: Dodged            |   114 |    85 ||   199

Table legend: (Time is in decaauts)
 A = Elapsed time spent in this place.
 B = Non-inter-level travel time spent in this place.
 C = Inter-level travel time spent in this place.
 D = Time resting spent in this place.
 E = Time spent auto-exploring this place.
 F = Levels seen in this place.
 G = Mean time per level.
                   A        B        C        D        E       F      G
               +--------+--------+--------+--------+--------+-----+--------+
         Total |   3061 |   2933 |    128 |    102 |   2207 |   5 |  612.2 |
       Dungeon |   3032 |   2904 |    128 |    102 |   2207 |   4 |  758.0 |
        Temple |     29 |     29 |      0 |      0 |      0 |   1 |   29.0 |
               +--------+--------+--------+--------+--------+-----+--------+

Top non-repeatable levels by time:
     D:1: 1110 daAuts
     D:3: 1019 daAuts
     D:2: 784 daAuts
     D:4: 118 daAuts
  Temple: 29 daAuts
